 Dungeon Crawl Stone Soup version 0.31-a0-1068-g5939ac1fb6 (webtiles) character file.

Game seed: 10670281445525007314

573 Dirtsage the Reanimator (level 7, -5/41 (46) HPs)
             Began as a Demonspawn Necromancer on Nov 23, 2023.
             Slain by a gnoll
             ... wielding a +0 flail
              (11 damage)
             ... on level 4 of the Dungeon.
             The game lasted 00:14:27 (4145 turns).

Dirtsage the Reanimator (Demonspawn Necromancer)    Turns: 4145, Time: 00:14:28

HP:   -5/41 (46)    AC:  3    Str: 11    XL:     7   Next: 12%
MP:   13/13         EV: 12    Int: 16    God:
Gold: 331           SH:  4    Dex: 13    Spells: 8/14 levels left

rFire   . . .        c - +3 short sword (drain)
rCold   . . .        (no shield)
rNeg    . . .        a - +0 robe
rPois   .            (helmet restricted)
rElec   .            n - +0 cloak
rCorr   .            (no gloves)
SInv    .            (no boots)
Will    .....        (no amulet)
Stlth   ++           (no ring)
HPRegen 0.26/turn    (no ring)
MPRegen 0.13/turn

%: no passive effects
@: heavily drained
A: antennae 1, large bone plates 1, foul stench 2
a: no special abilities


You were on level 4 of the Dungeon.
You visited 1 branch of the dungeon, and saw 5 of its levels.

You collected 331 gold pieces.

Inventory:

Hand Weapons
 c - a +3 short sword of draining (weapon)
Armour
 a - a +0 robe (worn)
 n - a +0 cloak (worn)
Jewellery
 d - an amulet of guardian spirit
Wands
 t - a wand of flame (20)
Scrolls
 g - a scroll of silence {unknown}
 h - 2 scrolls of amnesia {unknown}
 k - a scroll of enchant weapon {unknown}
 m - 2 scrolls of teleportation {unknown}
 o - 3 scrolls of identify {unknown}
 q - a scroll of torment {unknown}
 r - a scroll of enchant armour {unknown}
 s - a scroll of noise {unknown}
Potions
 b - a potion of magic
 e - 4 potions of curing {unknown}
 f - 2 potions of heal wounds {unknown}
 i - a potion of lignification {unknown}
 j - a potion of enlightenment {unknown}
 l - a potion of brilliance {unknown}
 p - a potion of attraction {unknown}


   Skills:
 - Level 1.7 Dodging
 - Level 1.7 Stealth
 + Level 4.3 Spellcasting
 * Level 8.0 Necromancy
 * Level 1.0 Ice Magic


You had 8 spell levels left.
You knew the following spells:

 Your Spells              Type           Power      Damage    Failure   Level
a - Necrotise             Necr           100%       1d9       1%          1
b - Cigotuvi's Dreadful   Necr/Pois/Air  24%        N/A       9%          2
x - Vampiric Draining     Necr           29%        2d8       1%          3

Your spell library contained the following spells:

 Spells                   Type           Power      Damage    Failure   Level
 Animate Dead             Necr           29%        N/A       6%          4
 Apportation              Tloc           6%         N/A       16%         1
 Summon Small Mammal      Summ           12%        N/A       16%         1
 Agony                    Necr           29%        N/A       17%         5
 Ozocubu's Armour         Ice            6%         N/A       32%         3
 Ignite Poison            Fire/Tmut/Pois 3%         N/A       43%         3
 Freezing Cloud           Conj/Ice/Air   2%         6-21      98%         5
 Metabolic Englaciation   Hex/Ice        2%         N/A       98%         5
 Simulacrum               Ice/Necr       9%         N/A       98%         6


Dungeon Overview and Level Annotations

Branches:
Dungeon (5/15)
 Temple: D:4-7

Altars:
Nemelex Xobeh

Shops:
D:1 =   D:2 :


Innate Abilities, Weirdness & Mutations

You have a pair of small antennae on your head.
You are partially covered in large bone plates. (SH +4)
You sometimes emit foul miasma when damaged in melee.


Message History

The kobold brigand is lightly wounded.
You block the gnoll's attack.
The kobold brigand hits you with a +0 dagger!
You take 7 damage, and have 22/41 hp.
You closely miss the kobold brigand.
The kobold brigand is lightly wounded.
The gnoll hits you with a +0 flail. The kobold brigand barely misses you.
You take 6 damage, and have 16/41 hp.
You hit the kobold brigand. You drain the kobold brigand.
The kobold brigand is moderately wounded.
The gnoll barely misses you. The kobold brigand barely misses you.
You barely miss the kobold brigand.
The kobold brigand is moderately wounded.
The gnoll barely misses you. The kobold brigand closely misses you.
You hit the kobold brigand. You drain the kobold brigand.
The kobold brigand is heavily wounded.
The gnoll barely misses you.
The kobold brigand hits you with a +0 dagger.
* * * LOW HITPOINT WARNING * * *
You take 5 damage, and have 12/41 hp.
You hit the kobold brigand. You drain the kobold brigand.
The kobold brigand is severely wounded.
You block the gnoll's attack.
The kobold brigand hits you with a +0 dagger.
* * * LOW HITPOINT WARNING * * *
You emit a cloud of foul miasma!
You take 1 damage, and have 11/41 hp.
You closely miss the kobold brigand.
The kobold brigand is severely wounded.
The gnoll hits you with a +0 flail.
* * * LOW HITPOINT WARNING * * *
The kobold brigand is engulfed in dark miasma.
The kobold brigand is poisoned.
The kobold brigand seems to slow down.
The kobold brigand barely misses you.
You take 5 damage, and have 6/41 hp.
You hit the gnoll. You drain the gnoll.
The gnoll is heavily wounded.
The kobold brigand is no longer moving slowly.
The gnoll hits you with a +0 flail!
You die...

.P~~~~♣~P........# #.
..~~~~~~♣...####.# #.
P..~~♣~~~.♣.# #.# #.
#P..~~.~P..## #.# #.
##♣..PP..### ###.###
#. #.##...## #.....#
#. #.....##
##.....#############.
#####.#
#...Kg...............
#.#
#...@..##############
#### #.# #......##
...# #.# #.##....#
##.###.######.#####.#
#..........).# #.#
#####.######## #.#
#.# #)#
#.############.#
#............#.####


You could see a kobold brigand (poisoned, very drained) and a gnoll (very
drained).

Vanquished Creatures
  2 ogres (D:4)
  A hound (D:5)
  2 orc priests
  A jelly (D:5)
  2 orc wizards
  Ijyb (D:5)
  An iguana (D:5)
  6 adders
  A gnoll (D:5)
  A white imp (D:5)
  A worm (D:4)
  2 dart slugs (D:2)
  15 orcs
  8 bats
  6 endoplasms
  2 giant cockroaches
  4 goblins
  7 hobgoblins
  8 jackals (D:5)
  A quokka (D:2)
  6 ball pythons
  4 frilled lizards
  12 kobolds
  5 rats
99 creatures vanquished.

Notes
Turn   | Place    | Note
-------+----------+-------------------------------------------
     0 | D:1      | Dirtsage the Demonspawn Necromancer began the quest for the
                  | Orb.
     0 | D:1      | Reached XP level 1. HP: 13/13 MP: 3/3
   259 | D:1      | Found Beph's Jewellery Boutique.
   327 | D:1      | Gained mutation: You are partially covered in large bone
                  | plates. (SH +4) [demonic ancestry]
   327 | D:1      | Reached XP level 2. HP: 19/19 MP: 5/5
   854 | D:2      | Reached skill level 5 in Necromancy
   867 | D:2      | Gained mutation: You may rarely emit foul miasma when
                  | damaged in melee. [demonic ancestry]
   867 | D:2      | Reached XP level 3. HP: 24/24 MP: 6/6
   912 | D:2      | Learned a level 2 spell: Cigotuvi's Dreadful Rot
  1279 | D:2      | Gained mutation: You sometimes emit foul miasma when
                  | damaged in melee. [demonic ancestry]
  1279 | D:2      | Reached XP level 4. HP: 20/30 MP: 8/8
  1352 | D:2      | Found Obigeash's Book Emporium.
  1734 | D:3      | Learned a level 3 spell: Vampiric Draining
  1910 | D:3      | Reached skill level 6 in Necromancy
  2111 | D:3      | Found a sparkling altar of Nemelex Xobeh.
  2304 | D:3      | Reached XP level 5. HP: 30/35 MP: 6/9
  2605 | D:4      | Noticed an ogre
  2616 | D:4      | Killed an ogre
  2837 | D:4      | Reached skill level 7 in Necromancy
  2858 | D:4      | Reached XP level 6. HP: 41/41 MP: 11/11
  3558 | D:5      | Entered Level 5 of the Dungeon
  3765 | D:5      | Noticed Ijyb
  3772 | D:5      | Killed Ijyb
  3945 | D:5      | Reached skill level 8 in Necromancy
  3945 | D:5      | Gained mutation: You have a pair of small antennae on your
                  | head. [demonic ancestry]
  3945 | D:5      | Reached XP level 7. HP: 21/44 MP: 13/13
  4085 | D:5      | Reached skill level 1 in Ice Magic
  4145 | D:4      | Slain by a gnoll

Illustrated notes

Levels and vault maps discovered:
D:1:      mushboom_english_gardens, layout_basic, serial_shops,
          nicolae_shop_tiny_glass, serial_bayou_pond_e
D:2:      layout_basic, serial_shops, shop, minmay_fractal_squares_5
D:3:      layout_basic, nemelex_altar_shiori, dreamdust_princess_bridge
D:4:      layout_loops_ring, serial_bayou, serial_bayou_shore_b,
          serial_bayou_pond_a, serial_bayou_shore_b, serial_bayou_shore_a,
          kennysheep_boxes
D:5:      layout_rooms, lexackson_kobold_supper, uniq_ijyb

Skill      XL: |  1  2  3  4  5  6  7 |
---------------+----------------------+-----
Necromancy     | 5 6 7 8 |  8.0
Spellcasting   | 3 4 |  4.3
Ice Magic      | 1 |  1.0
Dodging        | |  1.7
Stealth        | |  1.7

Action                     |  1- 3 |  4- 6 |  7- 9 || total
---------------------------+-------+-------+-------++-------
  Melee: Short sword       |    80 |   132 |    27 ||   239
         Unarmed           |     4 |       |       ||     4
         Punch             |       |     1 |       ||     1
   Cast: Necrotise         |     5 |    16 |     5 ||    26
         Cigotuvi's Dreadf |     1 |     4 |     1 ||     6
         Vampiric Draining |       |     2 |       ||     2
   Stab: Sleeping          |     2 |     5 |       ||     7
 Armour: Robe              |    37 |    57 |    19 ||   113
  Dodge: Dodged            |    65 |    63 |    24 ||   152
  Block: Other             |     7 |    26 |     6 ||    39

Table legend: (Time is in decaauts)
 A = Elapsed time spent in this place.
 B = Non-inter-level travel time spent in this place.
 C = Inter-level travel time spent in this place.
 D = Time resting spent in this place.
 E = Time spent auto-exploring this place.
 F = Levels seen in this place.
 G = Mean time per level.
                   A        B        C        D        E       F      G
               +--------+--------+--------+--------+--------+-----+--------+
         Total |   4171 |   4038 |    133 |     93 |   3246 |   5 |  834.2 |
       Dungeon |   4171 |   4038 |    133 |     93 |   3246 |   5 |  834.2 |
               +--------+--------+--------+--------+--------+-----+--------+

Top non-repeatable levels by time:
     D:4: 1058 daAuts
     D:2: 880 daAuts
     D:3: 878 daAuts
     D:1: 810 daAuts
     D:5: 543 daAuts
